 Dungeon Crawl Stone Soup version 0.26.1-11-gd32895ea62 (webtiles) character file.

Game seed: 13045652745722667223

87 GenialerGandalf the Shield-Bearer (level 4, -1/40 HPs)
             Began as a Hill Orc Fighter on Apr 22, 2021.
             Slain by Terence
             ... wielding a +4 morningstar of protection
              (6 damage)
             ... on level 3 of the Dungeon.
             The game lasted 00:05:32 (2415 turns).

GenialerGandalf the Shield-Bearer (HOFi)            Turns: 2415, Time: 00:05:32

Health: -1/40      AC:  9    Str: 19    XL:     4   Next: 51%
Magic:  4/4        EV:  7    Int:  8    God:
Gold:   125        SH: 10    Dex: 16    Spells: 3/3 levels left

rFire    . . .     SeeInvis .   a - +0 war axe
rCold    . . .     Faith    .   c - +0 kite shield
rNeg     . . .     Spirit   .   b - +0 scale mail
rPois    .         Reflect  .   h - +0 helmet
rElec    .         Harm     .   (no cloak)
rCorr    .         Rampage  .   n - +0 pair of gloves
Will     .....                  (no boots)
Stlth    ..........             (no amulet)
HPRegen  0.13/turn              f - +6 ring of dexterity
MPRegen  0.09/turn              (no ring)

@: about to teleport
A: no striking features
a: no special abilities


You were on level 3 of the Dungeon.
You visited 1 branch of the dungeon, and saw 4 of its levels.

You collected 125 gold pieces.

Inventory:

Hand Weapons
 a - a +0 war axe (weapon)
Armour
 b - a +0 scale mail (worn)
 c - a +0 kite shield (worn)
 h - a +0 helmet (worn)
 n - a +0 pair of gloves (worn)
Jewellery
 f - a +6 ring of dexterity (left hand)
Scrolls
 g - 2 scrolls of teleportation
 l - a scroll of noise {unknown}
 m - a scroll of remove curse {unknown}
Potions
 d - 2 potions of might
 e - 2 potions of magic
 i - a potion of brilliance
 j - 2 potions of curing
 o - a potion of lignification


   Skills:
 + Level 4.1 Fighting
 + Level 3.8 Axes
 + Level 4.0 Armour
 + Level 0.1 Dodging
 + Level 4.1 Shields


You had 3 spell levels left.
You didn't know any spells.
Your spell library contained the following spells:

 Spells                   Type           Power        Failure   Level
 Confusing Touch          Hex            0%           100%        3
 Gell's Gravitas          Tloc           0%           100%        3
 Petrify                  Tmut/Erth      0%           100%        4
 Metabolic Englaciation   Hex/Ice        0%           100%        5
 Yara's Violent Unravell  Hex/Tmut       0%           100%        5


Dungeon Overview and Level Annotations

Branches:
Dungeon (4/15)
 Temple: D:4-7

Altars:

Annotations:
D:3 Terence


Message History

* * * LOW HITPOINT WARNING * * *
You hit Terence.
Terence is severely wounded.
You block Terence's attack.
You can't go up here!
You can't go up here!
Terence hits you with a +4 morningstar of protection.
* * * LOW HITPOINT WARNING * * *
You climb downwards.
There is a stone staircase leading up here.
You climb upwards.
There is a stone staircase leading down, spattered with blood here.
You block Terence's attack.
A quokka comes into view.
Found a leather armour.
As you read the scroll of teleportation, it crumbles to dust.
You feel strangely unstable. You block the quokka's attack.
Terence hits you with a +4 morningstar of protection.
You die...

### ##########
#.. ..#....@@#
#.####.#.####r#
####.#..#.#.#
#.#
...#.#..#.#.#
#.#
##.#.#..#.#.#
#[#
...........>#
#..
#....##.#..##
###
###..##.#..#
...........#


You could see Terence and a quokka.

Vanquished Creatures
  3 adders
  4 leopard geckos
  9 bats
  3 giant cockroaches
  11 goblins
  8 hobgoblins
  3 frilled lizards
  5 kobolds
  5 rats
51 creatures vanquished.

Notes
Turn   | Place    | Note
-------+----------+-------------------------------------------
     0 | D:1      | GenialerGandalf the Hill Orc Fighter began the quest for
                  | the Orb.
     0 | D:1      | Reached XP level 1. HP: 19/19 MP: 1/1
   114 | D:1      | Reached XP level 2. HP: 24/27 MP: 2/2
   769 | D:1      | Reached XP level 3. HP: 33/33 MP: 3/3
  1669 | D:2      | Found a faded altar of an unknown god.
  1746 | D:2      | Reached XP level 4. HP: 40/40 MP: 4/4
  2384 | D:3      | Noticed Terence
  2415 | D:3      | Slain by Terence

Illustrated notes

Levels and vault maps discovered:
D:1:      dpeg_arrival_snail, layout_loops_corners, st_stairs_10
D:2:      minmay_wonky_spiral, layout_rooms, chequers_ecumenical_altar_simple,
          minmay_diced_spiral
D:3:      layout_basic, nicolae_ru_path_of_blood, serial_rivers,
          chequers_serial_rivers_room_a, chequers_serial_rivers_micro_c,
          chequers_serial_rivers_micro_a, chequers_serial_rivers_small_a,
          kennysheep_small_spiral, uniq_terence
D:4:      layout_basic, yredelemnul_altar_generic

Skill      XL: |  1  2  3  4 |
---------------+-------------+-----
Axes           | 3 |  3.8
Fighting       | 4 |  4.1
Shields        | 4 |  4.1
Armour         | 4 |  4.0
Dodging        | |  0.1

Action                   |  1- 3 |  4- 6 || total
-------------------------+-------+-------++-------
Melee: War axe           |   128 |    57 ||   185
  Use: Scroll            |       |     6 ||     6
Armor: Scale mail        |   108 |    34 ||   142
Dodge: Dodged            |    75 |    15 ||    90
Block: Kite shield       |   112 |    31 ||   143
